 Dungeon Crawl Stone Soup version 0.28-a0-245-g639a1a48b9 (webtiles) character file.

Game seed: 4176097509004276966

2424 dolemite99 the Grappler (level 9, 0/76 HPs)
             Began as a Troll Hunter on Aug 25, 2021.
             Was a Believer of the Shining One.
             Slain by Duvessa (8 damage)
             ... on level 6 of the Dungeon.
             The game lasted 00:06:04 (4108 turns).

dolemite99 the Grappler (Troll Hunter)              Turns: 4108, Time: 00:06:04

Health: 0/76       AC: 11    Str: 25    XL:     9   Next: 24%
Magic:  8/8        EV:  9    Int:  7    God:    the Shining One [**....]
Gold:   138        SH:  0    Dex: 10    Spells: 8/8 levels left

rFire   . . .      SeeInvis .     - Unarmed
rCold   . . .      Faith    .   (no shield)
rNeg    + . .      Spirit   .   b - +0 robe
rPois   .          Reflect  .   (helmet restricted)
rElec   .          Harm     .   r - +2 cloak
rCorr   .          Rampage  .   (gloves unavailable)
Will    +....                   (boots unavailable)
Stlth   +.........              (no amulet)
HPRegen 1.22/turn               u - ring of willpower
MPRegen 0.11/turn               v - +4 ring of protection {=R}

@: flying, hasted, glowing, very quick
A: large, unfitting armour, claws 3, regeneration 1, shaggy fur 1, tough skin 1
a: Renounce Religion, Divine Shield


You were on level 6 of the Dungeon.
You worshipped the Shining One.
The Shining One was pleased with you.
You visited 1 branch of the dungeon, and saw 6 of its levels.

You collected 138 gold pieces.

Inventory:

Hand Weapons
 a - a +0 short sword
Missiles
 c - 5 large rocks
 d - 2 throwing nets
 f - 103 stones (quivered)
 h - 87 arrows
 n - 10 bolts
 q - 14 poisoned darts
 t - 6 atropa-tipped darts
Armour
 b - a +0 robe (worn)
 r - a +2 cloak (worn)
Jewellery
 u - a ring of willpower (left claw)
 v - a +4 ring of protection (right claw) {=R}
 y - a +6 ring of intelligence
Wands
 g - a wand of iceblast (10)
 k - a wand of polymorph (10)
 l - a wand of mindburst (11)
 o - a wand of charming (10)
Scrolls
 p - a scroll of vulnerability {unknown}
 s - a scroll of immolation {unknown}
 z - a scroll of amnesia
Potions
 e - 3 potions of brilliance
 m - a potion of curing


   Skills:
 - Level 1.5 Fighting
 + Level 7.5 Throwing
 - Level 1.5 Dodging
 - Level 0.3 Stealth
 * Level 10.1 Unarmed Combat


You had 8 spell levels left.
You didn't know any spells.
Your spell library was empty.

Dungeon Overview and Level Annotations

Branches:
Dungeon (6/15)             Temple (0/1) D:5

Altars:
Dithmenos
Trog
Uskayaw
The Shining One

Annotations:
D:4 Pikel
D:6 Duvessa


Innate Abilities, Weirdness & Mutations

You are too large for most types of armour.
You have claws for hands.
Your natural rate of healing is unusually fast.
You are covered in fur. (AC +1)
You have tough skin. (AC +1)


Message History

Duvessa goes berserk!
Duvessa hits you with a +0 short sword.
You scratch Duvessa.
Duvessa is lightly wounded.
Duvessa hits you with a +0 short sword.
You claw Duvessa!
Duvessa is moderately wounded.
Duvessa hits you with a +0 short sword!
You scratch Duvessa.
Duvessa is heavily wounded.
Duvessa hits you with a +0 short sword! x2
You barely miss Duvessa.
Duvessa is heavily wounded.
Duvessa hits you with a +0 short sword!!
* * * LOW HITPOINT WARNING * * *
You feel much better. Duvessa barely misses you.
Okay, then.
Unknown command.
You scratch Duvessa but do no damage.
Duvessa is heavily wounded.
Duvessa hits you with a +0 short sword! x2
You feel yourself speed up. Duvessa hits you with a +0 short sword!
* * * LOW HITPOINT WARNING * * *
You claw Duvessa!
Duvessa is severely wounded.
Duvessa hits you with a +0 short sword.
* * * LOW HITPOINT WARNING * * *
You scratch Duvessa.
Duvessa is severely wounded.
Duvessa hits you with a +0 short sword.
* * * LOW HITPOINT WARNING * * *
It was a potion of curing.
You feel better. Duvessa hits you with a +0 short sword!
* * * LOW HITPOINT WARNING * * *
It was a potion of magic.
Magic courses through your body. Duvessa hits you with a +0 short sword.
* * * LOW HITPOINT WARNING * * *
It was a potion of flight.
You feel very buoyant.
You fly up into the air.
Duvessa hits you with a +0 short sword!
You die...

##.....###.....#..........
#.......######...÷........
##.......########..........
#.........#<...............
#.........########.......))
####.......# ##.....#..
####....# #.##..##. #....#
#.....##. ##.)@#
####.##.####
#.†e#####....##.#
#....#....##.##.#
##...#.#####.#..# #...#.#
#.#.## #...#.# ###...#
#...#.# #....##
#...#.###.#.## #.##..#.#
#####


You could see Duvessa (berserk, fast).

Vanquished Creatures
  A two-headed ogre (D:5)
  A hornet (D:5)
  Sigmund (D:5)
  Edmund (D:5)
  Menkaure (D:5)
  2 water moccasins
  An orc warrior (D:6)
  A sky beast (D:5)
  An ogre (D:5)
  2 necrophages
  3 lemures
  A bullfrog (D:6)
  A scorpion (D:5)
  Dowan (D:6)
  A howler monkey (D:6)
  2 hounds
  Crazy Yiuf (D:6)
  A centaur skeleton (D:5)
  2 iguanas
  An orc wizard (D:6)
  A killer bee zombie (D:5)
  4 adders
  A shadow imp (D:5)
  A white imp (D:6)
  An ufetubus (D:6)
  3 dart slugs
  7 orcs
  3 endoplasms
  4 giant cockroaches (D:1)
  7 goblins
  8 hobgoblins
  13 jackals
  7 kobolds
  2 quokkas
  4 ball pythons
  3 bats
  6 frilled lizards
  3 rats
104 creatures vanquished.

Notes
Turn   | Place    | Note
-------+----------+-------------------------------------------
     0 | D:1      | dolemite99 the Troll Hunter began the quest for the Orb.
     0 | D:1      | Reached XP level 1. HP: 19/19 MP: 0/0
     7 | D:1      | Noticed a five-headed hydra
     7 | D:1      | Noticed a polar bear
     7 | D:1      | Noticed a swamp worm
     7 | D:1      | Noticed a hound
    93 | D:1      | Reached skill level 1 in Unarmed Combat
   174 | D:1      | Reached XP level 2. HP: 27/27 MP: 1/1
   330 | D:1      | Reached skill level 2 in Unarmed Combat
   426 | D:1      | Reached XP level 3. HP: 32/33 MP: 2/2
  1023 | D:2      | You fall into a shaft and drop 2 floors!
  1155 | D:3      | Found a faded altar of an unknown god.
  1165 | D:3      | Became a worshipper of the Shining One
  1165 | D:3      | Reached * piety under the Shining One
  1279 | D:3      | Found a hide-covered altar of Uskayaw.
  1494 | D:2      | Reached skill level 3 in Unarmed Combat
  1495 | D:2      | Reached XP level 4. HP: 35/41 MP: 3/3
  1790 | D:3      | Found a shadowy altar of Dithmenos.
  2028 | D:4      | Reached XP level 5. HP: 48/48 MP: 4/4
  2054 | D:4      | Noticed a necrophage
  2066 | D:4      | Killed a necrophage
  2067 | D:4      | Reached skill level 4 in Unarmed Combat
  2074 | D:4      | Noticed a lemure
  2074 | D:4      | Noticed Pikel
  2075 | D:4      | Noticed a lemure
  2075 | D:4      | Noticed a lemure
  2118 | D:4      | Killed a lemure
  2125 | D:3      | Killed a lemure
  2251 | D:3      | Killed a lemure
  2524 | D:5      | Entered Level 5 of the Dungeon
  2636 | D:5      | Noticed Menkaure
  2646 | D:5      | Killed Menkaure
  2647 | D:5      | Reached skill level 5 in Unarmed Combat
  2647 | D:5      | Reached XP level 6. HP: 24/55 MP: 5/5
  2914 | D:5      | Noticed a sky beast
  2914 | D:5      | Reached ** piety under the Shining One
  2923 | D:5      | Killed a sky beast
  2924 | D:5      | Reached skill level 5 in Throwing
  2942 | D:5      | Noticed Sigmund
  2955 | D:5      | Killed Sigmund
  2956 | D:5      | Reached skill level 6 in Unarmed Combat
  2956 | D:5      | Reached XP level 7. HP: 54/62 MP: 6/6
  3001 | D:5      | Noticed a hornet
  3013 | D:5      | Killed a hornet
  3014 | D:5      | Reached skill level 7 in Unarmed Combat
  3089 | D:5      | Found a staircase to the Ecumenical Temple.
  3167 | D:5      | Noticed a two-headed ogre
  3205 | D:5      | Killed a two-headed ogre
  3206 | D:5      | Reached skill level 8 in Unarmed Combat
  3206 | D:5      | Reached XP level 8. HP: 48/70 MP: 7/7
  3211 | D:5      | Reached skill level 9 in Unarmed Combat
  3420 | D:5      | Noticed Edmund
  3435 | D:5      | Killed Edmund
  3778 | D:6      | Reached XP level 9. HP: 76/76 MP: 8/8
  3815 | D:6      | Found a bloodstained altar of Trog.
  3889 | D:6      | Reached skill level 10 in Unarmed Combat
  3918 | D:6      | Found a runed translucent door.
  3919 | D:6      | Noticed Crazy Yiuf
  3969 | D:6      | Killed Crazy Yiuf
  4086 | D:6      | Noticed Duvessa
  4090 | D:6      | Noticed Dowan
  4096 | D:6      | Killed Dowan
  4108 | D:6      | Slain by Duvessa

Illustrated notes

Levels and vault maps discovered:
D:1:      onia_arrival_zoo_common, layout_basic, serial_forest,
          infiniplex_forest_straight_2, infiniplex_forest_clump_curved,
          infiniplex_forest_clump_tiny, infiniplex_forest_straight_5,
          infiniplex_forest_lined_room_2, infiniplex_forest_lined_room_,
          infiniplex_forest_clump_small, infiniplex_forest_lined_3_way,
          infiniplex_forest_zigzag_1, infiniplex_forest_fountain, st_stairs_13
D:2:      layout_basic
D:3:      layout_rooms, nicolae_overflow_hidden_temple, grunt_dithmenos_smoke,
          basic_ecumenical_altar
D:4:      layout_cave_pools, kennysheep_mini, serial_park, serial_park_square3
          [serial_park_minivault_5x5_7], serial_park_gazebo
          [serial_park_minivault_5x5_7], serial_park_tiny_2,
          hangedman_decor_peaks_small, uniq_pikel
D:5:      layout_rooms, temple_doors_e, serial_rivers,
          chequers_serial_rivers_small_b, chequers_serial_rivers_small_3,
          chequers_serial_rivers_large_b, chequers_serial_rivers_micro_e,
          chequers_serial_rivers_large_a, uniq_menkaure, uniq_sigmund,
          uniq_edmund
D:6:      kennysheep_spiral_hall, layout_rooms, kennysheep_little_box,
          minmay_door_square, hangedman_decor_riveting,
          minmay_misc_feat_ornament, hex_medium, uniq_crazy_yiuf_cottage,
          uniq_duvessa

Skill      XL: |  1  2  3  4  5  6  7  8  9 |
---------------+----------------------------+-----
Unarmed Combat | 1 2 3 5 6 8 9 10 | 10.1
Throwing       | 4 5 6 7 |  7.5
Fighting       | |  1.5
Dodging        | |  1.5
Stealth        | |  0.3

Action                   |  1- 3 |  4- 6 |  7- 9 || total
-------------------------+-------+-------+-------++-------
Melee: Unarmed           |    82 |    91 |    90 ||   263
       Punch             |       |     1 |     2 ||     3
Throw: Stone             |    44 |    20 |    21 ||    85
  Use: Scroll            |       |     3 |     6 ||     9
       Potion            |       |       |     7 ||     7
 Stab: Sleeping          |     1 |       |       ||     1
Armor: Robe              |    29 |    28 |    25 ||    82
Dodge: Dodged            |    30 |    56 |    46 ||   132

Table legend: (Time is in decaauts)
 A = Elapsed time spent in this place.
 B = Non-inter-level travel time spent in this place.
 C = Inter-level travel time spent in this place.
 D = Time resting spent in this place.
 E = Time spent auto-exploring this place.
 F = Levels seen in this place.
 G = Mean time per level.
                   A        B        C        D        E       F      G
               +--------+--------+--------+--------+--------+-----+--------+
         Total |   4091 |   3955 |    136 |    885 |   2048 |   6 |  681.8 |
       Dungeon |   4091 |   3955 |    136 |    885 |   2048 |   6 |  681.8 |
               +--------+--------+--------+--------+--------+-----+--------+

Top non-repeatable levels by time:
     D:5: 1206 daAuts
     D:1: 834 daAuts
     D:3: 746 daAuts
     D:2: 538 daAuts
     D:4: 393 daAuts
     D:6: 372 daAuts
